 Dungeon Crawl Stone Soup version 0.32-a0-41-gec2d92a32c (webtiles) character file.

Game seed: 16089120132113128970

101 jlumianski the Ruffian (level 4, 0/34 HPs)
             Began as a Gnoll Shapeshifter on Jan 26, 2024.
             Slain by an iguana (11 damage)
             ... on level 2 of the Dungeon.
             The game lasted 00:06:45 (1681 turns).

jlumianski the Ruffian (Gnoll Shapeshifter)         Turns: 1681, Time: 00:06:46

Health: 0/34       AC:  5    Str: 19    XL:     4   Next: 75%
Magic:  14/14      EV: 12    Int: 11    God:
Gold:   80         SH:  0    Dex: 10    Spells: 5/5 levels left

rFire   . . .        s - +7 short sword "Kirhobomn" {speed, rElec rPois MP+9 Int+2}
rCold   . . .        (no shield)
rNeg    . . .        f - +0 ring mail
rPois   +            (helmet currently unavailable)
rElec   +            (cloak currently unavailable)
rCorr   .            (gloves currently unavailable)
SInv    .            (boots currently unavailable)
Will    .....        (no amulet)
Stlth   +            (no ring)
HPRegen 0.25/turn    (no ring)
MPRegen 0.14/turn

%: no passive effects
@: beast-form
A: beast (slay +3), fangs 1, strong nose, distributed training, horns 1, strong
1
a: Begin Untransformation


You were on level 2 of the Dungeon.
You were a hulking beast.
You visited 1 branch of the dungeon, and saw 3 of its levels.

You collected 80 gold pieces.

Inventory:

Hand Weapons
 s - the +7 short sword "Kirhobomn" (weapon) {speed, rElec rPois MP+9 Int+2}
   (You found it on level 2 of the Dungeon)

   Int+2:     It affects your intelligence (+2).
   rElec:     It insulates you from electricity.
   rPois:     It protects you from poison MP+9: It affects your magic capacity
   (+9).
Missiles
 p - 5 poisoned darts (quivered)
Armour
 a - a +0 animal skin
 f - a +0 ring mail (worn)
 m - a +0 kite shield
Talismans
 c - a beast talisman
 d - a flux talisman
 i - a serpent talisman
Scrolls
 e - a scroll of fog {unknown}
 h - 2 scrolls of teleportation
 k - a scroll of immolation {unknown}
 l - a scroll of poison {unknown}
 o - a scroll of summoning {unknown}
 r - 2 scrolls of identify {unknown}
Potions
 b - a potion of lignification
 g - a potion of might {unknown}
 j - a potion of mutation
 n - a potion of curing
 q - a potion of heal wounds
 t - a potion of haste {unknown}


   Skills:
 + Level 2.8 Fighting
 + Level 1.2 Short Blades
 + Level 1.2 Long Blades
 + Level 1.2 Axes
 + Level 1.2 Maces & Flails
 + Level 1.2 Polearms
 + Level 1.2 Staves
 + Level 1.2 Ranged Weapons
 + Level 1.2 Throwing
 + Level 1.2 Armour
 + Level 4.7 Dodging
 + Level 1.2 Stealth
 + Level 1.2 Shields
 + Level 6.6 Unarmed Combat
 + Level 1.2 Spellcasting
 + Level 1.0 Conjurations
 + Level 1.0 Hexes
 + Level 1.0 Summonings
 + Level 1.0 Necromancy
 + Level 1.0 Translocations
 + Level 1.0 Fire Magic
 + Level 1.0 Ice Magic
 + Level 1.0 Air Magic
 + Level 1.0 Earth Magic
 + Level 1.0 Alchemy
 + Level 1.4 Invocations
 + Level 1.2 Evocations
 + Level 6.6 Shapeshifting


You had 5 spell levels left.
You didn't know any spells.
Your spell library contained the following spells:

 Spells                   Type           Power      Damage    Failure   Level
 Blink                    Tloc           6%         N/A       47%         2
 Cigotuvi's Dreadful Rot  Necr/Alch/Air  6%         N/A       47%         2
 Lesser Beckoning         Tloc           6%         N/A       47%         2
 Momentum Strike          Conj/Tloc      6%         3d8       47%         2
 Dispel Undead            Necr           3%         3d7       98%         4
 Martyr's Knell           Necr/Summ      3%         N/A       98%         4
 Summon Blazeheart Golem  Fire/Summ      3%         N/A       98%         4
 Death Channel            Necr           1%         N/A       100%        6
 Orb of Destruction       Conj           1%         9d5       100%        7
 Spellforged Servitor     Conj/Summ      1%         N/A       100%        7


Dungeon Overview and Level Annotations

Branches:
Dungeon (3/15)

Altars:

Annotations:
D:2 1 runed translucent door, Crazy Yiuf


Innate Abilities, Weirdness & Mutations

You are a hulking beast.
Your limbs bulge with bestial killing power. (Slay +3)
You have very sharp teeth.
Your uncanny sense of smell can sniff out nearby items.
Your experience applies equally to all skills.
You have a pair of small horns on your head.
Your muscles are strong. (Str +4, Int/Dex -1)


Message History

You pick up a book of Spatial Translocations and begin reading...
You add the spells Blink, Momentum Strike and Lesser Beckoning to your library.
Found a stone staircase leading down.
Found a scroll of teleportation.
h - 2 scrolls of teleportation (gained 1)
Okay, then.
Unknown command.
There is a stone staircase leading down here.
You climb downwards.
The frilled lizard hisses angrily.
Found 9 gold pieces.
There is a stone staircase leading up here.
An iguana comes into view.
The frilled lizard closely misses you.
You climb upwards.
Level annotation: 1 runed translucent door, Crazy Yiuf
There is a stone staircase leading down here.
You puncture the frilled lizard!
You kill the frilled lizard!
You climb downwards.
The iguana bites you. The iguana bites you!
There is a stone staircase leading up here.
The iguana bites you.
* * * LOW HITPOINT WARNING * * *
You climb upwards.
Level annotation: 1 runed translucent door, Crazy Yiuf
There is a stone staircase leading down here.
You barely miss the iguana.
You feel better. The iguana bites you!
You puncture the iguana!
The iguana is moderately wounded.
The iguana barely misses you.
You hit the iguana. You bite the iguana.
The iguana is heavily wounded.
You hit the iguana.
The iguana is severely wounded.
The iguana closely misses you.
You barely miss the iguana.
The iguana is severely wounded.
The iguana bites you!
You die...

.# ###.##..####....P.P# .##
#...#♣.♣.##.....PPP.#
..#########.#....#.#.)..PP♣♣..##
##.................'....P♣♣♣P...
#.########.#...##.#.....P.♣♣..#
##.# #.##.###.##....P....## ..##
#........###....P..... ###
#.###########.....♣♣
##.###.h.....##'#.♣♣


.PP ......l......##.#..♣.... ##.###.......##.#..P.P.. #..................
#.###.......#...####### #.......#........# #####.......#...## #.########.## #.
### You could see an iguana.

Vanquished Creatures
  Robin (D:2)
  3 adders (D:2)
  2 ribbon worms
  6 bats
  8 endoplasms
  2 giant cockroaches (D:1)
  5 hobgoblins
  4 kobolds
  3 quokkas
  A ball python (D:2)
  4 frilled lizards
  10 goblins
  4 rats
53 creatures vanquished.

Notes
Turn   | Place    | Note
-------+----------+-------------------------------------------
     0 | D:1      | jlumianski the Gnoll Shapeshifter began the quest for the
                  | Orb.
     0 | D:1      | Reached XP level 1. HP: 17/17 MP: 1/1
   185 | D:2      | Found a faded altar of an unknown god.
   214 | D:2      | Reached XP level 2. HP: 20/23 MP: 2/2
   418 | D:1      | Reached XP level 3. HP: 28/28 MP: 3/3
   591 | D:1      | Reached skill level 1 in Invocations
   618 | D:1      | Gained mutation: Your muscles are strong. (Str +4, Int/Dex
                  | -1) [potion of mutation]
   618 | D:1      | Gained mutation: You have a pair of small horns on your
                  | head. [potion of mutation]
   789 | D:1      | Reached skill level 1 in Short Blades
   789 | D:1      | Reached skill level 1 in Long Blades
   789 | D:1      | Reached skill level 1 in Axes
   789 | D:1      | Reached skill level 1 in Maces & Flails
   789 | D:1      | Reached skill level 1 in Polearms
   789 | D:1      | Reached skill level 1 in Staves
   789 | D:1      | Reached skill level 1 in Ranged Weapons
   789 | D:1      | Reached skill level 1 in Throwing
   789 | D:1      | Reached skill level 1 in Armour
   789 | D:1      | Reached skill level 1 in Stealth
   789 | D:1      | Reached skill level 1 in Shields
   789 | D:1      | Reached skill level 1 in Spellcasting
   789 | D:1      | Reached skill level 1 in Evocations
  1087 | D:3      | Reached XP level 4. HP: 34/34 MP: 5/5
  1338 | D:2      | Found a runed translucent door.
  1339 | D:2      | Noticed Crazy Yiuf
  1409 | D:2      | Identified the +7 short sword "Kirhobomn" {speed, rElec
                  | rPois MP+9 Int+2}
  1518 | D:2      | Noticed Robin
  1529 | D:2      | Reached skill level 1 in Conjurations
  1529 | D:2      | Reached skill level 1 in Hexes
  1529 | D:2      | Reached skill level 1 in Summonings
  1529 | D:2      | Reached skill level 1 in Necromancy
  1529 | D:2      | Reached skill level 1 in Translocations
  1529 | D:2      | Reached skill level 1 in Fire Magic
  1529 | D:2      | Reached skill level 1 in Ice Magic
  1529 | D:2      | Reached skill level 1 in Air Magic
  1529 | D:2      | Reached skill level 1 in Earth Magic
  1529 | D:2      | Reached skill level 1 in Alchemy
  1540 | D:2      | Killed Robin
  1681 | D:2      | Slain by an iguana

Illustrated notes

Levels and vault maps discovered:
D:1:      kilobyte_arrival_exit_the_forest, layout_loops_ring
D:2:      layout_loops_corners, basic_ecumenical_altar, serial_forest,
          infiniplex_forest_clump_double, infiniplex_forest_clump_diagonal,
          infiniplex_forest_fountain, infiniplex_forest_lined_3,
          infiniplex_forest_lined_2, infiniplex_forest_lined_3,
          uniq_crazy_yiuf_cottage, uniq_robin
D:3:      layout_rooms, serial_shops, shop, st_stairs_6

Skill      XL: |  1  2  3  4 |
---------------+-------------+-----
Invocations    | 1 |  1.4
Short Blades   | 1 |  1.2
Long Blades    | 1 |  1.2
Axes           | 1 |  1.2
Maces & Flails | 1 |  1.2
Polearms       | 1 |  1.2
Staves         | 1 |  1.2
Ranged Weapons | 1 |  1.2
Throwing       | 1 |  1.2
Armour         | 1 |  1.2
Stealth        | 1 |  1.2
Shields        | 1 |  1.2
Spellcasting   | 1 |  1.2
Evocations     | 1 |  1.2
Conjurations   | 1 |  1.0
Hexes          | 1 |  1.0
Summonings     | 1 |  1.0
Necromancy     | 1 |  1.0
Translocations | 1 |  1.0
Fire Magic     | 1 |  1.0
Ice Magic      | 1 |  1.0
Air Magic      | 1 |  1.0
Earth Magic    | 1 |  1.0
Alchemy        | 1 |  1.0
Fighting       | |  2.8
Dodging        | |  4.7
Unarmed Combat | |  6.6
Shapeshifting  | |  6.6

Action                     |  1- 3 |  4- 6 || total
---------------------------+-------+-------++-------
  Melee: Unarmed           |    60 |     9 ||    69
         Punch             |     4 |     1 ||     5
         Bite              |     3 |     3 ||     6
         Headbutt          |     2 |     3 ||     5
         Short sword       |       |    31 ||    31
    Use: Potion            |     3 |     1 ||     4
         Scroll            |     1 |       ||     1
 Armour: Animal skin       |     8 |       ||     8
         Ring mail         |    30 |    23 ||    53
  Dodge: Dodged            |    33 |    18 ||    51

Table legend: (Time is in decaauts)
 A = Elapsed time spent in this place.
 B = Non-inter-level travel time spent in this place.
 C = Inter-level travel time spent in this place.
 D = Time resting spent in this place.
 E = Time spent auto-exploring this place.
 F = Levels seen in this place.
 G = Mean time per level.
                   A        B        C        D        E       F      G
               +--------+--------+--------+--------+--------+-----+--------+
         Total |   1669 |   1638 |     31 |      0 |   1106 |   3 |  556.3 |
       Dungeon |   1669 |   1638 |     31 |      0 |   1106 |   3 |  556.3 |
               +--------+--------+--------+--------+--------+-----+--------+

Top non-repeatable levels by time:
     D:2: 848 daAuts
     D:1: 790 daAuts
     D:3: 29 daAuts
